AoeStats
← a.l.a.n.t

Arena

505102993Analyzed
4v4 RM · 24d ago on Sep 7, 2026· 47m 52s· 8 players
Game mode
Random Map
Map size
Large (8 player)
Population
200
Speed
Normal
Resources
Standard
Victory
Conquest
Starting age
Dark Age
Ending age
Imperial Age
RankedLock teamsTeams togetherTeam positionsShared explorationLock speedFull tech treeHidden civsTurbo modeCheats
Victory
Defeat
🇬🇧 Tupi · United Kingdom
1268
+15
🇬🇧 Slavs · United Kingdom
1213
+17
🇨🇴 Bohemians · Colombia
1200
+18
🇩🇪 Malay · Germany
1187
+18
🇨🇴 Khmer · Colombia
1273
-19
🇲🇽 Franks · Mexico
1273
-18
🇦🇷 Italians · Argentina
1245
-17
🇲🇴 Bohemians · Macao SAR China
1171
-14
Chianti | AwE
10:30 Feudal Age
12:20 Wheelbarrow
14:46 Castle Age
12:43 Double-Bit Axe
13:04 Horse Collar
15:56 Bow Saw
16:17 Heavy Plow
16:20 Gold Mining
23:21 Loom
25:20 Hand Cart
30:41 Imperial Age
29:01 Forging
28:51 Scale Mail Armor
30:51 Iron Casting
29:43 Pikeman
30:24 Squires
29:55 Man-at-Arms
30:38 Long Swordsman
31:36 Chain Mail Armor
31:24 Druzhina
30:48 Halberdier
30:55 Capped Ram
33:14 Blast Furnace
32:02 Two-Handed Swordsman
34:00 Two-Man Saw
33:35 Crop Rotation
33:01 Siege Ram
34:29 Champion
37:08 Plate Mail Armor
37:02 Conscription
36:43 Detinets
38:19 Siege Engineers
38:24 Masonry
38:10 Murder Holes
39:16 Chemistry
38:14 Fletching
40:46 Onager
41:54 Ballistics
41:46 Bodkin Arrow
47:20 Guard Tower
47:41 Fortified Wall
47:41 Clinker Construction
47:42 Careening
48:09 Hoardings
FIDEO3312 on Twitch
11:29 Feudal Age
9:44 Loom
12:08 Double-Bit Axe
17:06 Castle Age
18:02 Bow Saw
22:46 Loom
28:59 Wheelbarrow
32:09 Imperial Age
30:04 Pikeman
30:44 Squires
30:58 Forging
30:48 Scale Mail Armor
32:20 Hand Cart
31:50 Town Watch
32:18 Halberdier
34:36 Conscription
35:10 Fletching
35:35 Chain Mail Armor
35:59 Iron Casting
35:20 Arson
38:43 Chemistry
38:05 Ballistics
37:54 Siege Engineers
39:57 Blast Furnace
39:37 Plate Mail Armor
39:43 Horse Collar
39:58 Man-at-Arms
40:40 Long Swordsman
41:17 Houfnice
42:00 Two-Handed Swordsman
42:44 Champion
48:12 Scale Barding Armor
a.l.a.n.t
11:49 Feudal Age
15:38 Castle Age
15:49 Double-Bit Axe
17:47 Bow Saw
19:48 Horse Collar
22:29 Wheelbarrow
23:42 Loom
25:26 Treadmill Crane
29:21 Imperial Age
26:48 Fletching
26:59 Gold Mining
27:39 Bodkin Arrow
28:53 Ballistics
29:20 Caciques
29:32 Padded Archer Armor
29:54 Elite Blackwood Archer
30:37 Bracer
33:01 Chemistry
32:18 Leather Archer Armor
32:44 Conscription
32:37 Heavy Plow
33:00 Stone Mining
33:52 Curare
35:36 Squires
36:01 Forging
35:52 Scale Mail Armor
36:27 Ring Archer Armor
35:22 Champi Runner
35:48 Arson
36:22 Champi Warrior
37:47 Iron Casting
37:37 Chain Mail Armor
38:14 Elite Champi Warrior
41:06 Plate Mail Armor
Scar
11:02 Feudal Age
14:59 Castle Age
13:17 Double-Bit Axe
13:29 Horse Collar
21:09 Bow Saw
23:10 Heavy Plow
24:22 Gold Mining
25:37 Wheelbarrow
25:19 Masonry
28:12 Imperial Age
25:29 Loom
25:33 Town Watch
25:55 Stone Mining
26:08 Fletching
26:39 Padded Archer Armor
26:03 Crossbowman
27:14 Hand Cart
27:58 Gold Shaft Mining
27:44 Town Patrol
28:18 Heavy Plow
28:18 Bodkin Arrow
30:00 Chemistry
29:52 Conscription
29:11 Arbalester
30:39 Ballistics
30:26 Bracer
31:26 Leather Archer Armor
31:30 Thumb Ring
31:19 Elite Skirmisher
32:42 Ring Archer Armor
32:52 Siege Engineers
32:31 Treadmill Crane
33:30 Forging
32:42 Man-at-Arms
33:23 Squires
33:08 Arson
35:08 Forced Levy
39:05 Crop Rotation
38:37 Long Swordsman
39:25 Two-Handed Swordsman
40:46 Iron Casting
44:42 Blast Furnace
44:09 Caravan
Mauzic
10:36 Feudal Age
15:47 Castle Age
14:01 Double-Bit Axe
18:00 Bow Saw
19:39 Fervor
23:36 Wheelbarrow
25:24 Hand Cart
26:29 Loom
30:03 Imperial Age
27:46 Forging
27:36 Scale Mail Armor
27:42 Scale Barding Armor
27:01 Light Cavalry
27:42 Husbandry
27:55 Stone Mining
27:55 Gold Mining
29:23 Iron Casting
29:27 Chain Mail Armor
30:35 Gold Shaft Mining
30:34 Chain Barding Armor
30:33 Cavalier
32:14 Blast Furnace
32:44 Conscription
32:09 Paladin
34:03 Plate Mail Armor
34:09 Plate Barding Armor
33:37 Squires
33:24 Gambesons
33:05 Pikeman
34:26 Chivalry
34:45 Gambesons
34:46 Arson
34:57 Halberdier
37:13 Chemistry
40:01 Siege Engineers
40:21 Ballistics
42:06 Heavy Scorpion
42:37 Fletching
42:47 Padded Archer Armor
44:20 Bodkin Arrow
44:41 Leather Archer Armor
SATOLEP
8:59 Feudal Age
14:37 Castle Age
13:11 Double-Bit Axe
15:30 Horse Collar
20:34 Wheelbarrow
20:56 Loom
21:01 Town Watch
22:08 Hand Cart
22:10 Bow Saw
21:55 Gold Mining
25:05 Gold Shaft Mining
24:32 Heavy Plow
28:21 Imperial Age
25:52 Stone Mining
26:32 Bloodlines
28:15 Husbandry
28:56 Scale Barding Armor
29:02 Forging
28:26 Elite Battle Elephant
31:51 Conscription
34:04 Chain Barding Armor
34:20 Iron Casting
33:48 Tusk Swords
35:26 Plate Barding Armor
42:22 Heavy Scorpion
45:14 Double Crossbow
47:39 Chemistry
47:09 Light Cavalry
Riky
12:44 Feudal Age
14:33 Double-Bit Axe
14:40 Loom
14:47 Horse Collar
15:08 Gold Mining
17:49 Castle Age
18:58 Bow Saw
19:22 Heavy Plow
22:18 Imperial Age
20:05 Fortified Wall
24:04 Chemistry
24:02 Crop Rotation
25:19 Stone Mining
25:13 Treadmill Crane
26:45 Wheelbarrow
27:58 Stone Shaft Mining
29:01 Hand Cart
30:37 Town Watch
31:16 Fletching
32:32 Padded Archer Armor
33:07 Silk Road
34:26 Two-Man Saw
34:21 Pirotechnia
34:46 Ballistics
36:46 Elite Skirmisher
37:31 Thumb Ring
38:59 Leather Archer Armor
42:26 Ring Archer Armor
41:52 Bodkin Arrow
42:09 Forging
42:00 Scale Mail Armor
42:30 Thumb Ring
43:16 Bracer
Barbaren
0:28 Loom
10:57 Feudal Age
17:06 Castle Age
15:18 Horse Collar
16:09 Double-Bit Axe
18:49 Bow Saw
21:51 Fervor
23:58 Wheelbarrow
28:15 Fortified Wall
29:11 Fletching
31:57 Imperial Age
30:34 Hand Cart
30:47 Masonry
31:30 Wagenburg Tactics
33:07 Conscription
33:51 Chemistry
32:56 Siege Engineers
33:36 Heavy Plow
34:21 Architecture
34:44 Ballistics
34:40 Hussite Reforms
36:39 Pikeman
37:19 Squires
37:50 Houfnice
38:39 Treadmill Crane
38:50 Elite Skirmisher
40:25 Bombard Tower
42:40 Arrowslits
44:13 Bodkin Arrow
45:08 Padded Archer Armor
45:20 Murder Holes
47:03 Scale Mail Armor
47:17 Forging
49:21 Two-Man Saw
Connection lost

Rejoining the realm…

Still unreachable

The connection could not be restored.

Session expired

The server has moved on; the page needs a fresh start.